 Dungeon Sprint DCSS version 0.17-a0-2118-g63bad21 (webtiles) character file.

436 esc the Changer (level 7, -1/50 HPs)
             Began as an Octopode Transmuter on Oct 20, 2015.
             Was an Initiate of Cheibriados.
             Killed from afar by a gargoyle (25 damage)
             ... with a stone arrow
             ... in the Dungeon (Sprint IX: "|||||||||||||||||||||||||||||").
             The game lasted 00:02:18 (331 turns).

esc the Changer (Octopode Transmuter)                Turns: 331, Time: 00:02:19

Health: -1/50      AC:  4    Str: 14    XL:     7   Next: 1%
Magic:  13/17      EV: 25    Int: 18    God:    Cheibriados [......]
Gold:   0          SH:  0    Dex: 18    Spells: 2 memorised, 16 levels left

rFire  . . .     SeeInvis .       - Unarmed
rCold  . . .     Clarity  .     (shield currently unavailable)
rNeg   . . .     SustAt   .     (helmet currently unavailable)
rPois  x         Gourm    .     (no amulet)
rElec  .         Spirit   .     p - +2 ring of protection
rCorr  .         Warding  .     o - +3 ring of strength
rMut   .         NoTele   +     (no ring)
MR     .....                    (no ring)
Stlth  ++........               (no ring)
                                (no ring)
                                (no ring)
                                (no ring)

@: spider-form, very slow, not resistant to hostile enchantments, unstealthy
A: almost no armour, amphibious, 8 rings, (constrict 8), (camouflage 0),
(gelatinous body 0)
a: End Transformation, Bend Time, Renounce Religion


You were in the Dungeon.
You worshipped Cheibriados.
Cheibriados was noncommittal.
You were not hungry.
You were a venomous arachnid creature.
You visited 1 branch

Inventory:

Missiles
 a - 12 arrows
Magical Staves
 m - an uncursed staff of energy {@w1+MP, hungerless spells, !d!a}
   (You found it in the Dungeon)
Jewellery
 o - a +3 ring of strength (right front leg)
   (You found it in the Dungeon)
 p - a +2 ring of protection (left front leg)
   (You found it in the Dungeon)
Wands
 n - a wand of draining (7)
   (You found it in the Dungeon)
Scrolls
 i - 2 scrolls of blinking {!r}
 k - 3 scrolls of remove curse
 l - 2 scrolls of amnesia
Potions
 d - 5 potions of curing
 e - 3 potions of heal wounds
 f - a potion of haste
 g - 4 potions of magic
 h - a potion of invisibility
Books
 b - a book of Changes
Comestibles
 c - a bread ration {@e1}
 j - 6 chunks of flesh {@w0}


   Skills:
 - Level 5.6 Fighting
 - Level 6.1 Dodging
 - Level 6.4 Unarmed Combat
 + Level 7.0 Spellcasting
 + Level 7.7 Transmutations


You had 16 spell levels left.
You knew the following spells:

 Your Spells              Type           Power        Failure   Level  Hunger
a - Beastly Appendage     Trmt           ####..       3%          1    None
c - Spider Form           Trmt/Pois      ###.......   24%         3    ##.....


Dungeon Overview and Level Annotations

Branches:
Dungeon (1/1)

Altars:
Cheibriados
Dithmenos
Elyvilon
Fedhas
Gozag
Kikubaaqudgha
Makhleb
Nemelex Xobeh
Okawaru
Qazlal
Ru
Sif Muna
Trog
Vehumet
Xom
Yredelemnul
Zin
The Shining One
Beogh
Jiyva
Lugonu


Innate Abilities, Weirdness & Mutations

You cannot wear most types of armour.
You are amphibious.
You can wear up to eight rings at the same time.
((You can use your tentacles to constrict eight enemies at once.))
((Your skin changes colour to match your surroundings (Stealth).))
((Your rubbery body absorbs attacks (AC +1).))


Message History

There is a deep blue altar of Sif Muna here.
Found a snail-covered altar of Cheibriados.
There is a bloodstained altar of Trog here.
Found a shadowy altar of Dithmenos.
There is a sparkling altar of Nemelex Xobeh here.
Found a stormy altar of Qazlal.
There is a white marble altar of Elyvilon here.
Found an opulent altar of Gozag.
There is a roughly hewn altar of Beogh here.
Found a sacrificial altar of Ru.
There is a viscous altar of Jiyva here.
There is a corrupted altar of Lugonu here.
There is a blossoming altar of Fedhas here.
There is a snail-covered altar of Cheibriados here.
You curl up in front of the altar of Cheibriados.
Cheibriados welcomes you!
Cheibriados begins to support your attributes as your movement slows.
You can now bend time to slow others.
There is a shadowy altar of Dithmenos here.
There is a stormy altar of Qazlal here.
There is an opulent altar of Gozag here.
There is a sacrificial altar of Ru here.
You open the door.
You feel yourself speed up.
There is an open door here.
g - 4 potions of magic (gained 2);
h - a potion of invisibility
e - 3 potions of heal wounds (gained 2);
d - 5 potions of curing (gained 4)
k - 3 scrolls of remove curse;
l - 2 scrolls of amnesia
i - 2 scrolls of blinking {!r} (gained 1)
m - an uncursed staff of energy {@w1+MP, hungerless spells, !d!a}
n - a wand of draining (7)
Items here: )))))) a +2 scimitar of holy wrath; a +4 quarterstaff of speed; a +2 halberd of venom a +2 morningstar of venom; a +1 broad axe of chopping a +2 rapier of distortion {!w} You see here a +0 cloak.
You see here a +0 cloak.
You see here a +1 chain mail.
o - a +3 ring of strength You feel less exhausted.
p - a +2 ring of protection Put on which piece of jewellery? (? for menu, Esc to quit)
p - a +2 ring of protection (left tentacle) Put on which piece of jewellery? (? for menu, Esc to quit)
You feel stronger.
o - a +3 ring of strength (right tentacle)
You start resting.
Health restored: 45; MP restored: 14 Memorise Spider Form, consuming 3 spell levels and leaving 12?
You start memorising the spell.
You continue memorising.
You continue memorising. x2
You finish memorising.
Spell assigned to 'c'.
You turn into a venomous arachnid creature.
You now have 11/14 mp.
As you open the door, it creaks loudly!
An iguana, a crocodile, a yak, a jelly, a gargoyle and an orc warrior come into view.
The iguana hisses angrily.
The orc warrior shouts!
You hit the yak. The yak misses you.
You hit the yak but do no damage.
The yak is poisoned.
The yak misses you.
You have no means to grasp a wand firmly enough.
The yak barely misses you.
You bite the yak! The yak misses you.
You hit the yak.
The yak looks even sicker.
The yak misses you.
You hit the yak.
You kill the yak!
Cheibriados appreciates the change of pace.
Your Spellcasting skill gained 2 levels and is now at level 7!
Your Transmutations skill increases to level 7!
You have reached level 7!
Health restored: 50 You hit the gargoyle but do no damage.
The gargoyle closely misses you.
You hit the gargoyle. You hit the gargoyle but do no damage.
The gargoyle hurls a stone arrow at you.
The stone arrow misses you.
You hit the gargoyle. The gargoyle completely misses you.
You hit the gargoyle.
The gargoyle hits you with a morningstar!
You take 9 damage, and have 41/50 hp.
You hit the gargoyle but do no damage. You hit the gargoyle but do no damage.
The gargoyle completely misses you.
You hit the gargoyle. The gargoyle completely misses you.
You hit the gargoyle but do no damage. The gargoyle misses you.
You hit the gargoyle but do no damage. You hit the gargoyle but do no damage.
The gargoyle hurls a stone arrow at you.
The stone arrow misses you.
You hit the gargoyle but do no damage.
The gargoyle hurls a stone arrow at you.
The stone arrow hits you!
You take 19 damage, and have 23/50 hp.
MASSIVE DAMAGE!!
You hit the gargoyle but do no damage. The gargoyle misses you.
You hit the gargoyle but do no damage. You hit the gargoyle but do no damage.
The gargoyle hurls a stone arrow at you.
The stone arrow hits you!
Ouch! That really hurt!
You die... ▓▓▓▓▓▓▓▓▓▓▓▓▓▓▓▓▓▓▓▓▓▓▓▓ _______'...)[[[.s9Jolt.. ▓▓▓▓▓▓▓▓▓▓▓▓▓▓▓▓▓▓▓▓▓▓▓▓

You could see an orc warrior, a crocodile, a gargoyle, an iguana and a jelly.

Vanquished Creatures
  A yak (D)
  2 ogres (D)
  A phantom (D)
  A crimson imp (D)
  4 hobgoblins (D)
  A giant newt (D)
  A rat (D)
11 creatures vanquished.

Notes
Turn   | Place    | Note
--------------------------------------------------------------
     0 | D        | esc the Octopode Transmuter began the quest for the Orb.
     0 | D        | Reached XP level 1. HP: 13/13 MP: 3/3
   204 | D        | Noticed an ogre
   204 | D        | Noticed a phantom
   204 | D        | Noticed a crimson imp
   204 | D        | Noticed an ogre
   207 | D        | Killed an ogre
   207 | D        | Reached skill level 3 in Fighting
   207 | D        | Reached skill level 4 in Dodging
   207 | D        | Reached skill level 4 in Unarmed Combat
   207 | D        | Reached skill level 3 in Spellcasting
   207 | D        | Reached skill level 4 in Transmutations
   207 | D        | Reached XP level 2. HP: 21/21 MP: 2/6
   207 | D        | Reached XP level 3. HP: 26/26 MP: 2/8
   207 | D        | Reached XP level 4. HP: 32/32 MP: 2/9
   217 | D        | Killed an ogre
   217 | D        | Reached skill level 4 in Fighting
   217 | D        | Reached skill level 5 in Dodging
   217 | D        | Reached skill level 5 in Unarmed Combat
   217 | D        | Reached skill level 4 in Spellcasting
   217 | D        | Reached skill level 5 in Transmutations
   217 | D        | Reached XP level 5. HP: 38/38 MP: 3/12
   218 | D        | Killed a phantom
   218 | D        | Reached skill level 5 in Fighting
   218 | D        | Reached skill level 6 in Unarmed Combat
   218 | D        | Reached skill level 5 in Spellcasting
   218 | D        | Reached XP level 6. HP: 45/45 MP: 3/13
   222 | D        | Killed a crimson imp
   222 | D        | Reached skill level 6 in Dodging
   222 | D        | Reached skill level 6 in Transmutations
   234 | D        | Found a glowing silver altar of Zin.
   234 | D        | Found a glowing golden altar of the Shining One.
   234 | D        | Found an ancient bone altar of Kikubaaqudgha.
   234 | D        | Found a basalt altar of Yredelemnul.
   234 | D        | Found a shimmering altar of Xom.
   234 | D        | Found a radiant altar of Vehumet.
   235 | D        | Found an iron altar of Okawaru.
   236 | D        | Found a burning altar of Makhleb.
   237 | D        | Found a deep blue altar of Sif Muna.
   238 | D        | Found a bloodstained altar of Trog.
   239 | D        | Found a sparkling altar of Nemelex Xobeh.
   240 | D        | Found a white marble altar of Elyvilon.
   241 | D        | Found a roughly hewn altar of Beogh.
   242 | D        | Found a viscous altar of Jiyva.
   243 | D        | Found a corrupted altar of Lugonu.
   244 | D        | Found a blossoming altar of Fedhas.
   245 | D        | Found a snail-covered altar of Cheibriados.
   246 | D        | Found a shadowy altar of Dithmenos.
   247 | D        | Found a stormy altar of Qazlal.
   248 | D        | Found an opulent altar of Gozag.
   249 | D        | Found a sacrificial altar of Ru.
   253 | D        | Became a worshipper of Cheibriados the Contemplative
   308 | D        | Learned a level 3 spell: Spider Form
   310 | D        | Noticed a yak
   310 | D        | Noticed a gargoyle
   310 | D        | Noticed a jelly
   310 | D        | Noticed an orc warrior
   310 | D        | Noticed an iguana
   310 | D        | Noticed a crocodile
   316 | D        | Killed a yak
   316 | D        | Reached skill level 7 in Spellcasting
   316 | D        | Reached skill level 7 in Transmutations
   316 | D        | Reached XP level 7. HP: 50/50 MP: 12/17
   331 | D        | Killed from afar by a gargoyle

Vault maps used:
D:        linesprint

Action                   |  1- 3 |  4- 6 |  7- 9 || total
-------------------------+-------+-------+-------++-------
Melee: Unarmed           |    13 |    19 |    15 ||    47
 Cast: Beastly Appendage |     2 |       |       ||     2
       Spider Form       |       |     1 |       ||     1
  Use: Potion            |     1 |       |       ||     1
 Stab: Sleeping          |     1 |       |       ||     1

Vault maps used:
D:        linesprint

Table legend:
 A = Turns spent in this place as a percentage of turns spent in the entire game.
 B = Non-inter-level travel turns spent in this place as a percentage of non-inter-level travel turns spent in the entire game.
 C = Inter-level travel turns spent in this place as a percentage of turns spent in this place.
 D = Turns resting spent in this place as a percentage of non-inter-level travel turns spent in this place.
 E = Turns spent auto-exploring this place as a percentage of non-inter-level travel turns spent in this place.
 F = Non-inter-level travel turns spent in this place divided by the number of levels of this place that you've seen.
                   A       B       C       D       E      F
               +-------+-------+-------+-------+-------+----------------------
         Total | 100.0 | 100.0 |   0.0 |   3.0 |   0.0 | 132.0
       Dungeon | 100.0 | 100.0 |   0.0 |   3.0 |   0.0 | 132.0
               +-------+-------+-------+-------+-------+----------------------

Table legend:
 A = Kills in this place as a percentage of kills in entire the game.
 B = Kills by you in this place as a percentage of kills by you in the entire game.
 C = Kills by friends in this place as a percentage of kills by friends in the entire game.
 D = Other kills in this place as a percentage of other kills in the entire game.
 E = Experience gained in this place as a percentage of experience gained in the entire game.
 F = Experience gained in this place divided by the number of levels of this place that you have seen.
                   A       B       C       D       E      F
               +-------+-------+-------+-------+-------+----------------------
         Total | 100.0 | 100.0 |  -nan |  -nan | 100.0 | 623.0
       Dungeon | 100.0 | 100.0 |  -nan |  -nan | 100.0 | 623.0
               +-------+-------+-------+-------+-------+----------------------
